 Dungeon Crawl Stone Soup version 0.22.1-5-g62c59d9 (webtiles) character file.

238 errolflynn the Chopper (level 5, 0/48 HPs)
             Began as a Minotaur Berserker on Jan 8, 2019.
             Was a Believer of Trog.
             Slain by a goblin
             ... wielding a +2 dagger of venom
             ... led by Robin
              (2 damage)
             ... on level 2 of the Dungeon.
             The game lasted 00:10:06 (1020 turns).

errolflynn the Chopper (Minotaur Berserker)         Turns: 1020, Time: 00:10:06

Health: 0/48       AC:  5    Str: 18 (21) XL:     5   Next: 78%
Magic:  4/4        EV: 11    Int:  3 (4)  God:    Trog [**....]
Gold:   76         SH:  0    Dex:  8 (11) Spells: 4/4 levels left

rFire    . . .     SeeInvis .   a - +0 hand axe
rCold    . . .     Gourm    .   (no shield)
rNeg     . . .     Faith    .   g - +0 ring mail
rPois    .         Spirit   .   (helmet restricted)
rElec    .         Reflect  .   (no cloak)
rCorr    .         Harm     .   (no gloves)
MR       .....                  (no boots)
Stlth    ..........             (no amulet)
HPRegen  0.16/turn              (no ring)
MPRegen  0.09/turn              (no ring)

@: lethally poisoned (0 -> -13)
A: retaliatory headbutt, horns 2
a: Berserk, Trog's Hand, Renounce Religion


You were on level 2 of the Dungeon.
You worshipped Trog.
Trog was pleased with you.
You were not hungry.

You visited 1 branch of the dungeon, and saw 2 of its levels.

You collected 76 gold pieces.

Inventory:

Hand Weapons
 a - a +0 hand axe (weapon)
 q - a +0 hand axe
 u - a +1 antimagic short sword
 w - a +1 scythe of venom
Missiles
 k - 52 stones (quivered)
 n - 74 sling bullets
 p - 15 poisoned needles
Armour
 b - a +0 animal skin
 e - a +0 leather armour
 g - a +0 ring mail (worn)
 i - a +0 leather armour
 v - a +0 scale mail
Scrolls
 f - a scroll of fear {unknown}
 h - 2 scrolls of amnesia {unknown}
 j - a scroll of magic mapping {unknown}
 l - a scroll of immolation {unknown}
 m - 2 scrolls of identify {unknown}
 o - a scroll of enchant weapon {unknown}
 s - a scroll of teleportation {unknown}
 t - a scroll of remove curse {unknown}
Potions
 d - a potion of curing {unknown}
 r - a potion of degeneration
Comestibles
 c - 7 rations


   Skills:
 + Level 5.0 Fighting
 + Level 5.6 Axes
 + Level 3.6 Armour
 + Level 3.4 Dodging
 + Level 0.3 Stealth


You had 4 spell levels left.
You didn't know any spells.
Your spell library was empty.

Dungeon Overview and Level Annotations

Branches:
Dungeon (2/15)

Altars:

Annotations:
D:2 Robin


Innate Abilities, Weirdness & Mutations

You reflexively headbutt those who attack you in melee.
You have a pair of horns on your head.


Message History

You feel sick.
Robin says, "A pitiful Minotaur like you will never find the ORB!"
Robin roars a battlecry!
The goblins go into a battle-frenzy!
The hobgoblin barely misses you.
The goblin hits you with a dagger of venom.
* * * LOW HITPOINT WARNING * * *
You hit the hobgoblin.
You kill the hobgoblin!
Trog accepts your kill.
You closely miss the goblin.
* * * LOW HITPOINT WARNING * * *
You feel sick.
The goblin hits you with a dagger of venom.
* * * LOW HITPOINT WARNING * * *
You closely miss the hobgoblin. You closely miss the goblin.
* * * LOW HITPOINT WARNING * * *
You feel sick.
The goblin hits you with a dagger of venom.
You die...

........#.#.#.### #..#.
........#.#.#.######....
......).................
....##g##########......
# #g# #.#.... #.#
#...... #g# ###.##. #g#
#.##. #@# #.##. #g#
#.... ......%.# #####
#########


You could see Robin, 3 hobgoblins and a goblin.

Vanquished Creatures
  Sigmund (D:2)
  A worker ant (D:2)
  2 adders (D:2)
  2 worms (D:2)
  2 leopard geckos (D:1)
  2 bats
  3 giant cockroaches
  8 hobgoblins
  4 jackals (D:2)
  A frilled lizard (D:1)
  2 goblins (D:2)
  3 kobolds (D:2)
  2 rats (D:1)
33 creatures vanquished.

Notes
Turn   | Place    | Note
-------+----------+-------------------------------------------
     0 | D:1      | errolflynn the Minotaur Berserker began the quest for the
                  | Orb.
     0 | D:1      | Reached XP level 1. HP: 19/19 MP: 0/0
   231 | D:1      | Reached XP level 2. HP: 18/27 MP: 1/1
   641 | D:2      | Reached XP level 3. HP: 26/33 MP: 2/2
   726 | D:2      | Reached XP level 4. HP: 25/41 MP: 0/3
   764 | D:2      | Noticed Sigmund
   784 | D:2      | Killed Sigmund
   784 | D:2      | Reached skill level 5 in Fighting
   784 | D:2      | Reached skill level 5 in Axes
   784 | D:2      | Reached XP level 5. HP: 9/48 MP: 4/4
   803 | D:2      | HP: 2/48 [kobold/short sword (2)]
   995 | D:2      | Noticed Robin
  1008 | D:2      | Reached ** piety under Trog
  1020 | D:2      | HP: 2/48 [poisoned by a goblin]
  1020 | D:2      | Slain by a goblin

Skill      XL: |  1  2  3  4 |
---------------+-------------+-----
Axes           | 4 5 |  5.6
Fighting       | 4 5 |  5.0
Dodging        | 3 |  3.4
Armour         | 3 |  3.6
Stealth        | |  0.3

Action                   |  1- 3 |  4- 6 || total
-------------------------+-------+-------++-------
Melee: Hand axe          |    45 |    34 ||    79
       Headbutt          |     3 |     4 ||     7
  Use: Potion            |       |     1 ||     1
Armor: Animal skin       |     4 |       ||     4
       Ring mail         |     9 |     7 ||    16
Dodge: Dodged            |    31 |    14 ||    45
